 Dungeon Sprint DCSS version 0.30.0-29-ga12c61a403 (webtiles) character file.

Game seed: 6203185577410901602

1200000 Groucho the Severer (level 12, -10/74 HPs)
             Began as a Djinni Warper on June 3, 2023.
             Was an Initiate of Makhleb.
             Mangled by a bag of meat
             ... wielding a +9 war axe
              (16 damage)
             ... in the Dungeon (Sprint VIII: "Arena of Blood").
             The game lasted 00:00:40 (12 turns).

Groucho the Severer (Djinni Warper)                   Turns: 12, Time: 00:01:05

Health: -10/74     AC:  3    Str: 10    XL:     12   Next: 35%
Gold:   0          EV: 21    Int: 16    God:    Makhleb [......] SH:  0 Dex: 17

rFire   + + .        (no weapon)
rCold   x . .        (no shield)
rNeg    . . .        b - +0 leather armour
rPois   ∞            (no helmet)
rElec   .            (no cloak)
rCorr   .            (no gloves)
SInv    .            (boots unavailable)
Will    +....        (no amulet)
Stlth   +            (no ring)
HPRegen 0.32/turn    (no ring)
MPRegen 0.00/turn

%: no teleportation, infuse magic (-11 HP)
@: flying
A: sickness immunity, fire resistance 2, cold vulnerability 1, float, innate
caster, HP casting, extra vitality 1
a: Renounce Religion


You were in the Dungeon.
You worshipped Makhleb.
Makhleb was noncommittal.
You visited 1 branch

Inventory:

Hand Weapons
 a - a +0 hand axe
Missiles
 d - 7 boomerangs of dispersal (quivered)
Armour
 b - a +0 leather armour (worn)
Scrolls
 c - 2 scrolls of blinking
Potions
 e - a potion of curing
 f - a potion of heal wounds
 g - a potion of haste
 h - a potion of berserk rage


   Skills:
 - Level 2.0 Fighting
 * Level 17.8 Axes
 - Level 0.7 Throwing
 - Level 1.0 Armour
 + Level 16.5 Dodging
 + Level 12.1 Spellcasting


You knew the following spells:

 Your Spells              Type           Power      Damage    Failure   Level
a - Blink                 Tloc           96%        N/A       1%          2
b - Lesser Beckoning      Tloc           96%        N/A       1%          2
c - Vhi's Electric Charg  Tloc/Air       96%        N/A       1%          3
d - Teleport Other        Tloc           48%        N/A       1%          3
e - Manifold Assault      Tloc           48%        N/A       1%          4
f - Sandblast             Erth           96%        2d20      1%          1
g - Momentum Strike       Conj/Tloc      96%        3d10      1%          2
h - Dazzling Flash        Conj/Hex       96%        N/A       1%          3
i - Iskenderun's Mystic   Conj/Tloc      48%        2d11      1%          4
j - Airstrike             Air            24%        2d(4-20)  1%          4
Your spell library was empty.

Dungeon Overview and Level Annotations

Branches:
Dungeon (1/1)

Altars:
Makhleb


Innate Abilities, Weirdness & Mutations

You are immune to sickness and miasma.
You are immune to poison.
Your flesh is very heat resistant. (rF++)
You are vulnerable to cold. (rC-)
You float through the air rather than walking.
You learn spells naturally, not from books.
Your magical power is your life essence.
You have superior vitality. (+4 MHP)


Message History

You have reached level 2!
You have reached level 3!
Your experience leads to an increase in your attributes!
Increase (S)trength, (I)ntelligence, or (D)exterity?
You feel agile. x2
The power to cast Sandblast wells up from within.
Spell assigned to 'f'.
You have reached level 4!
You feel clever.
You have reached level 5!
The power to cast Momentum Strike wells up from within.
Spell assigned to 'g'.
You have reached level 6!
You have reached level 7!
The power to cast Dazzling Flash wells up from within.
Spell assigned to 'h'.
You have reached level 8!
You feel agile.
You have reached level 9!
Your experience leads to an increase in your attributes!
Increase (S)trength, (I)ntelligence, or (D)exterity?
You feel agile. x2
The power to cast Iskenderun's Mystic Blast wells up from within.
Spell assigned to 'i'.
You have reached level 10!
You have reached level 11!
The power to cast Airstrike wells up from within.
Spell assigned to 'j'.
You have reached level 12!
You feel clever.
Unknown command.
Unknown command.
You are now empty-handed.
You drop the +∞ Axe of Woe.
The bag of meat shouts! x2; You hear a shout! x3
The meat berserker hits you with a +9 battleaxe!!!
Ouch! That really hurt!
* * * LOW HITPOINT WARNING * * *
You hear a shout! x8
The bag of meat hits you with a +9 war axe!
You die...

......###........
......._.........
... #.....#..o...
....#_.<.o#......
....#.....#......
......._.........
......###oo......
.###.......###...
#...@O..# ..
#....o..#
.........o.....
...............#
...oO....oo..o#.
...........o##..
..#........#. ..
........o..#o.


You could see 2 meat berserkers and 12 bags of meat.

Vanquished Creatures
  An ogre (D)
1 creature vanquished.

Notes
Turn   | Place    | Note
-------+----------+-------------------------------------------
     0 | D        | Found the +∞ Axe of Woe
     0 | D        | Groucho the Djinni Warper began the quest for the Orb.
     0 | D        | Groucho set off with the following spells memorised: Blink,
                  | Lesser Beckoning, Vhi's Electric Charge, Teleport Other,
                  | Manifold Assault.
     0 | D        | Reached XP level 1. HP: 18/18 MP: 0/0
     2 | D        | Noticed a bag of meat
     4 | D        | Became a worshipper of Makhleb the Destroyer
     7 | D        | Noticed a bag of meat
     7 | D        | Noticed a meat berserker
     8 | D        | Noticed a bag of meat
     8 | D        | Noticed a bag of meat
     8 | D        | Noticed a bag of meat
     9 | D        | Noticed a bag of meat
     9 | D        | Noticed a meat berserker
     9 | D        | Noticed a bag of meat
     9 | D        | Noticed a bag of meat
    10 | D        | Noticed a bag of meat
    10 | D        | Noticed a bag of meat
    11 | D        | Killed a meat berserker
    11 | D        | Noticed a bag of meat
    11 | D        | Noticed a meat berserker
    11 | D        | Noticed a bag of meat
    11 | D        | Noticed a bag of meat
    12 | D        | Reached skill level 17 in Axes
    12 | D        | Reached XP level 2. HP: 23/23 MP: 0/0
    12 | D        | Reached XP level 3. HP: 28/28 MP: 0/0
    12 | D        | Learned a level 1 spell: Sandblast
    12 | D        | Reached XP level 4. HP: 33/33 MP: 0/0
    12 | D        | Reached XP level 5. HP: 38/38 MP: 0/0
    12 | D        | Learned a level 2 spell: Momentum Strike
    12 | D        | Reached XP level 6. HP: 43/43 MP: 0/0
    12 | D        | Reached XP level 7. HP: 49/49 MP: 0/0
    12 | D        | Learned a level 3 spell: Dazzling Flash
    12 | D        | Reached XP level 8. HP: 54/54 MP: 0/0
    12 | D        | Reached XP level 9. HP: 58/58 MP: 0/0
    12 | D        | Learned a level 4 spell: Iskenderun's Mystic Blast
    12 | D        | Reached XP level 10. HP: 64/64 MP: 0/0
    12 | D        | Reached XP level 11. HP: 68/68 MP: 0/0
    12 | D        | Learned a level 4 spell: Airstrike
    12 | D        | Reached XP level 12. HP: 74/74 MP: 0/0
    12 | D        | Mangled by a bag of meat

Illustrated notes

Levels and vault maps discovered:
D:        meatsprint

Skill      XL: |  1 |
---------------+----+-----
Axes           | 17 | 17.8
Dodging        | 16 | 16.5
Spellcasting   | 12 | 12.1
Fighting       | |  2.0
Throwing       | |  0.7
Armour         | |  1.0

Action                     |  1- 3 |  4- 6 |  7- 9 | 10-12 || total
---------------------------+-------+-------+-------+-------++-------
  Melee: Executioner's axe |     1 |       |       |       ||     1
